 Dungeon Crawl Stone Soup version 0.31-a0-271-gb88eb75e06 (webtiles) character file.

Game seed: 7168253596915173000

325 Maratek the Slasher (level 6, -1/53 HPs)
             Began as a Draconian Fighter on July 14, 2023.
             Was a Believer of Zin.
             Slain by a black bear (6 damage)
             ... on level 5 of the Dungeon.
             The game lasted 00:12:05 (3939 turns).

Maratek the Slasher (Draconian Fighter)             Turns: 3939, Time: 00:12:05

Health: -1/53      AC:  6    Str: 21    XL:     6   Next: 24%
Magic:  6/6        EV: 12    Int:  8    God:    Zin [**....]
Gold:   53         SH:  4    Dex: 10    Spells: 3/5 levels left

rFire   . . .        a - +0 long sword
rCold   . . .        b - +0 buckler
rNeg    . . .        (body armour unavailable)
rPois   .            (helmet restricted)
rElec   .            (no cloak)
rCorr   .            (no gloves)
SInv    .            (no boots)
Will    .....        c - amulet of the acrobat
Stlth   +            (no ring)
HPRegen 0.28/turn    (no ring)
MPRegen 0.10/turn

%: acrobat
@: no status effects
A: AC +6, unfitting armour, cold-blooded
a: Renounce Religion, Recite, Vitalisation, Donate Gold


You were on level 5 of the Dungeon.
You worshipped Zin.
Zin was pleased with you.
You visited 1 branch of the dungeon, and saw 5 of its levels.

You collected 111 gold pieces.
You donated 58 gold pieces to Zin.

Inventory:

Hand Weapons
 a - a +0 long sword (weapon)
Armour
 b - a +0 buckler (worn)
Jewellery
 c - an amulet of the acrobat (around neck)
Scrolls
 j - a scroll of noise
Potions
 f - a potion of enlightenment {unknown}
 h - a potion of lignification {unknown}
 o - a potion of resistance {unknown}


   Skills:
 + Level 4.3 Fighting
 + Level 4.5 Long Blades
 + Level 3.9 Dodging
 + Level 0.5 Stealth
 + Level 3.8 Shields


You had 3 spell levels left.
You knew the following spells:

 Your Spells              Type           Power      Damage    Failure   Level
a - Call Imp              Summ           0%         N/A       63%         2

Your spell library contained the following spells:

 Spells                   Type           Power      Damage    Failure   Level
 Magic Dart               Conj           0%         1d3       47%         1
 Slow                     Hex            0%         N/A       47%         1
 Confusing Touch          Hex            0%         N/A       85%         3
 Mephitic Cloud           Conj/Pois/Air  0%         N/A       85%         3
 Stone Arrow              Conj/Erth      0%         3d7       85%         3
 Vampiric Draining        Necr           0%         2d6       85%         3
 Lehudib's Crystal Spear  Conj/Erth      0%         10d2      100%        8
 Animate Armour           Summ/Erth      Unusable   N/A       N/A         4

Dungeon Overview and Level Annotations

Branches:
Dungeon (5/15)
 Temple: D:4-7

Altars:
Zin

Shops:
D:1 [


Innate Abilities, Weirdness & Mutations

Your plain brown scales are hard. (AC +6)
You cannot fit into any form of body armour.
You are cold-blooded and may be slowed by cold attacks.


Message History

You hit the black bear.
The black bear is severely wounded.
The black bear barely misses you. The black bear claws you.
The black bear closely misses you.
You closely miss the black bear. You tail-slap the black bear.
The black bear is severely wounded.
The black bear bites you. The black bear misses you.
The black bear claws you but does no damage.
The black bear goes berserk!
You barely miss the black bear.
The black bear is severely wounded.
The black bear bites you! The black bear claws you.
You block the black bear's attack.
You hit the black bear.
You tail-slap the black bear, but do no damage.
The black bear is almost dead.
The black bear barely misses you. The black bear claws you. x2
The black bear bites you. The black bear barely misses you.
The black bear claws you.
You closely miss the black bear.
The black bear is almost dead.
The black bear bites you. The black bear claws you.
The black bear barely misses you. The black bear bites you!
* * * LOW HITPOINT WARNING * * *
The black bear claws you but does no damage. x2
You hit the black bear but do no damage.
The black bear is almost dead.
You block the black bear's attack. The black bear closely misses you. x2
You block the black bear's attack.
The black bear claws you but does no damage.
The black bear completely misses you.
You hit the black bear but do no damage.
The black bear is almost dead.
The black bear bites you but does no damage.
The black bear claws you.
* * * LOW HITPOINT WARNING * * *
The black bear claws you.
* * * LOW HITPOINT WARNING * * *
The black bear bites you.
You die...

## #. ####
#. .h.
#.######..#
#...@h.#..#
#.###.....#
#. #.<#.##
#. #...#.#
#....#.. #
#.......#
#######.#
.# .#


You could see a black bear (berserk).

Vanquished Creatures
  An ogre (D:4)
  An orc priest (D:4)
  4 gnolls (D:4)
  6 adders
  A worm (D:2)
  3 dart slugs (D:1)
  12 orcs
  10 ball pythons
  10 bats
  9 endoplasms
  3 giant cockroaches
  6 goblins
  13 hobgoblins
  5 jackals
  2 quokkas
  2 frilled lizards
  5 kobolds
  4 rats
97 creatures vanquished.

Notes
Turn   | Place    | Note
-------+----------+-------------------------------------------
     0 | D:1      | Maratek the Draconian Fighter began the quest for the Orb.
     0 | D:1      | Reached XP level 1. HP: 19/19 MP: 1/1
   138 | D:1      | Found Jaubb's Antique Armour Shoppe.
   151 | D:1      | Reached XP level 2. HP: 26/26 MP: 2/2
   627 | D:1      | Reached XP level 3. HP: 31/33 MP: 3/3
   943 | D:1      | Learned a level 2 spell: Call Imp
  1459 | D:2      | Reached XP level 4. HP: 38/40 MP: 4/4
  2047 | D:3      | Found a faded altar of an unknown god.
  2072 | D:3      | Prayed at the altar of an unknown god.
  2072 | D:3      | Became a worshipper of Zin the Law-Giver
  2072 | D:3      | Reached * piety under Zin
  2519 | D:3      | Reached XP level 5. HP: 36/46 MP: 5/5
  3399 | D:4      | Donated 47 gold pieces to Zin
  3512 | D:4      | Noticed an ogre
  3555 | D:4      | Killed an ogre
  3556 | D:4      | Reached XP level 6. HP: 26/53 MP: 6/6
  3746 | D:4      | Reached ** piety under Zin
  3920 | D:5      | Entered Level 5 of the Dungeon
  3939 | D:5      | Slain by a black bear

Illustrated notes

Levels and vault maps discovered:
D:1:      nicolae_arrival_memento_mori, layout_basic, serial_shops,
          nicolae_shop_statue_plus
D:2:      layout_basic, nicolae_houndstooth_variations
D:3:      layout_basic, ebering_ecumenical_altar_webs, kennysheep_generic_room_4
D:4:      layout_loops_ring
D:5:      layout_loops_corners, minmay_temple_entry_wispy, serial_bayou,
          serial_bayou_pond_d, serial_bayou_pond_d, serial_bayou_lagoon_b,
          serial_bayou_shore_b

Skill      XL: |  1  2  3  4  5 |
---------------+----------------+-----
Dodging        | 3 |  3.9
Long Blades    | 3 4 |  4.5
Fighting       | 4 |  4.3
Stealth        | |  0.5
Shields        | |  3.8

Action                     |  1- 3 |  4- 6 || total
---------------------------+-------+-------++-------
  Melee: Long sword        |   144 |   196 ||   340
         Tailslap          |    20 |    22 ||    42
 Invoke: Donate Gold       |       |     1 ||     1
    Use: Scroll            |       |    12 ||    12
         Potion            |       |     5 ||     5
   Stab: Sleeping          |       |     1 ||     1
 Armour: Skin              |    69 |    64 ||   133
  Dodge: Dodged            |   108 |   168 ||   276
  Block: Buckler           |    35 |    56 ||    91

Table legend: (Time is in decaauts)
 A = Elapsed time spent in this place.
 B = Non-inter-level travel time spent in this place.
 C = Inter-level travel time spent in this place.
 D = Time resting spent in this place.
 E = Time spent auto-exploring this place.
 F = Levels seen in this place.
 G = Mean time per level.
                   A        B        C        D        E       F      G
               +--------+--------+--------+--------+--------+-----+--------+
         Total |   4036 |   4036 |      0 |    116 |   2164 |   5 |  807.2 |
       Dungeon |   4036 |   4036 |      0 |    116 |   2164 |   5 |  807.2 |
               +--------+--------+--------+--------+--------+-----+--------+

Top non-repeatable levels by time:
     D:3: 1133 daAuts
     D:2: 1057 daAuts
     D:1: 981 daAuts
     D:4: 844 daAuts
     D:5: 20 daAuts
